 Dungeon Crawl Stone Soup version 0.27.1-4-g1640c2035a (webtiles) character file.

Game seed: 3779932818614231956

60 Descartes the Firebug (level 3, -1/19 HPs)
             Began as a Deep Elf Fire Elementalist on Nov 15, 2021.
             Slain by a gnoll (4 damage)
             ... on level 2 of the Dungeon.
             The game lasted 00:04:42 (1835 turns).

Descartes the Firebug (Deep Elf Fire Elementalist)  Turns: 1835, Time: 00:04:42

Health: -1/19      AC:  2    Str:  5    XL:     3   Next: 82%
Magic:  9/9        EV: 13    Int: 20    God:
Gold:   80         SH:  0    Dex: 15    Spells: 7/8 levels left

rFire    + + .     SeeInvis .   f - +0 short sword
rCold    x . .     Faith    .   (no shield)
rNeg     . . .     Spirit   .   a - +0 robe
rPois    .         Reflect  .   (no helmet)
rElec    .         Harm     .   (no cloak)
rCorr    .         Rampage  .   (no gloves)
Will     .....                  (no boots)
Stlth    ++........             (no amulet)
HPRegen  0.06/turn              c - ring of protection from fire
MPRegen  0.11/turn              g - ring of fire

@: no status effects
A: no striking features
a: no special abilities


You were on level 2 of the Dungeon.
You visited 1 branch of the dungeon, and saw 2 of its levels.

You collected 80 gold pieces.

Inventory:

Hand Weapons
 f - a +0 short sword (weapon)
Missiles
 e - a stone
Armour
 a - a +0 robe (worn)
Jewellery
 c - a ring of protection from fire (left hand)
 g - a ring of fire (right hand)
Scrolls
 h - 2 scrolls of identify {unknown}
Potions
 b - a potion of heal wounds {unknown}
 d - a potion of ambrosia {unknown}
 i - a potion of curing {unknown}


   Skills:
 + Level 3.5 Dodging
 - Level 2.4 Stealth
 - Level 3.0 Spellcasting
 + Level 2.5 Conjurations
 + Level 4.0 Fire Magic


You had 7 spell levels left.
You knew the following spells:

 Your Spells              Type           Power      Damage    Failure   Level
a - Foxfire               Conj/Fire      96%        2x1d8     3%          1

Your spell library contained the following spells:

 Spells                   Type           Power      Damage    Failure   Level
 Conjure Flame            Conj/Fire      24%        6-21      11%         3
 Inner Flame              Hex/Fire       16%        N/A       19%         3
 Sticky Flame             Conj/Fire      24%        2d5       36%         4
 Fireball                 Conj/Fire      12%        3d7       71%         5


Dungeon Overview and Level Annotations

Branches:
Dungeon (2/15)

Altars:


Message History

The goblin hits you but does no damage.
The foxfire hits the goblin.
You kill the goblin!
A gnoll comes into view. It is wielding a +0 spear.
A hobgoblin comes into view.
Casting: Foxfire (safe; 3% risk of failure)
Confirm with . or Enter, or press ? or * to list all spells.
You feel a surge of power!
You conjure some foxfire!
The foxfire hits the hobgoblin but does no damage.
The foxfire hits the hobgoblin!
You kill the hobgoblin!
Casting: Foxfire (safe; 3% risk of failure)
Confirm with . or Enter, or press ? or * to list all spells.
You feel a surge of power!
You conjure some foxfire!
The foxfire hits the gnoll.
The gnoll is moderately wounded.
The foxfire hits the gnoll.
The gnoll is severely wounded.
A gnoll comes into view. It is wielding a +0 halberd.
The gnoll hits you from afar with a +0 spear.
Casting: Foxfire (safe; 3% risk of failure)
Confirm with . or Enter, or press ? or * to list all spells.
You feel a surge of power!
You conjure some foxfire!
The gnoll hits you from afar with a +0 spear.
The foxfire hits the gnoll!
You kill the gnoll!
The foxfire hits the gnoll.
The gnoll is lightly wounded.
Your Fire Magic skill increases to level 4!
There is a stone staircase leading up here.
The gnoll barely misses you.
You climb upwards.
There is a stone staircase leading down here.
The gnoll hits you with a +0 club.
You climb downwards.
The gnoll misses you.
There is a stone staircase leading up here.
Found a leather armour.
The gnoll hits you with a +0 club.
* * * LOW HITPOINT WARNING * * *
The gnoll misses you. The gnoll hits you with a +0 club.
You die...

#.## #### #.# #
....####### #.# #.##
#.......####[####
...#......<#.......###
##.#.........##.##.##.
#[.........#..........
..###..gg.....#........
#.@...............#
#.......#.........#
..####.#####.#.....#
### #... ...#.#####
#########.# #.# .. ##


You could see 2 gnolls.

Vanquished Creatures
  A gnoll (D:2)
  A worm (D:2)
  2 dart slugs (D:1)
  3 bats (D:1)
  3 endoplasms
  2 giant cockroaches
  2 goblins
  6 hobgoblins
  4 jackals (D:1)
  3 kobolds (D:1)
  5 quokkas (D:1)
  2 ball pythons (D:1)
  4 frilled lizards (D:1)
  A rat (D:2)
39 creatures vanquished.

Vanquished Creatures (others)
  158 foxfires
158 creatures vanquished.

Grand Total: 197 creatures vanquished

Notes
Turn   | Place    | Note
-------+----------+-------------------------------------------
     0 | D:1      | Descartes the Deep Elf Fire Elementalist began the quest
                  | for the Orb.
     0 | D:1      | Reached XP level 1. HP: 10/10 MP: 6/6
   387 | D:1      | Reached XP level 2. HP: 15/15 MP: 2/8
   951 | D:1      | Reached XP level 3. HP: 19/19 MP: 5/9
  1794 | D:2      | Reached skill level 4 in Fire Magic
  1835 | D:2      | Slain by a gnoll

Illustrated notes

Levels and vault maps discovered:
D:1:      dpeg_arrival_renting, layout_basic, minmay_tripent
D:2:      layout_loops_cross, minmay_misc_feat_x

Skill      XL: |  1  2  3 |
---------------+----------+-----
Dodging        | 3 |  3.5
Conjurations   | 2 |  2.5
Fire Magic     | 4 |  4.0
Stealth        | |  2.4
Spellcasting   | |  3.0

Action                   || total
-------------------------++-------
 Cast: Foxfire           ||   106
Armor: Robe              ||     1
Dodge: Dodged            ||    20
